 Dungeon Crawl Stone Soup version 0.30.1-3-gfc49f6343a (webtiles) character file.

Game seed: 9824878133223097839

30 CaptainMV the Caller (level 3, -7/24 HPs)
             Began as a Demonspawn Wanderer on Aug 7, 2023.
             Mangled by a worm (10 damage)
             ... on level 2 of the Dungeon.
             The game lasted 00:06:06 (654 turns).

CaptainMV the Caller (Demonspawn Wanderer)           Turns: 654, Time: 00:06:07

Health: -7/24      AC:  3    Str: 17    XL:     3   Next: 3%
Magic:  3/4        EV: 11    Int: 13    God:
Gold:   51         SH:  0    Dex:  9    Spells: 3/4 levels left

rFire   . . .        a - +0 hand axe
rCold   . . .        (no shield)
rNeg    . . .        e - +0 leather armour
rPois   .            (no helmet)
rElec   .            (no cloak)
rCorr   .            (no gloves)
SInv    .            (no boots)
Will    .....        (no amulet)
Stlth   +            (no ring)
HPRegen 0.24/turn    (no ring)
MPRegen 0.09/turn

%: no passive effects
@: no status effects
A: spiny 1, weakness stinger 1
a: no special abilities


You were on level 2 of the Dungeon.
You visited 1 branch of the dungeon, and saw 2 of its levels.

You collected 51 gold pieces.

Inventory:

Hand Weapons
 a - a +0 hand axe (weapon)
 c - a +0 dagger
Missiles
 b - 9 poisoned darts (quivered)
Armour
 e - a +0 leather armour (worn)
Scrolls
 d - a scroll of fear
 h - a scroll of identify {unknown}
Potions
 f - a potion of ambrosia {unknown}
 g - a potion of curing {unknown}


   Skills:
 + Level 2.2 Axes
 + Level 1.1 Throwing
 + Level 0.4 Armour
 + Level 0.2 Dodging
 + Level 1.8 Stealth
 + Level 1.1 Spellcasting
 + Level 3.4 Summonings
 + Level 1.0 Evocations


You had 3 spell levels left.
You knew the following spells:

 Your Spells              Type           Power      Damage    Failure   Level
a - Summon Small Mammal   Summ           36%        N/A       8%          1

Your spell library contained the following spells:

 Spells                   Type           Power      Damage    Failure   Level
 Volatile Blastmotes      Fire/Tloc      0%         2d10      69%         3
 Summon Ice Beast         Ice/Summ       5%         N/A       85%         4
 Summon Lightning Spire   Summ/Air       5%         N/A       85%         4
 Fulminant Prism          Conj/Hex       0%         3d5       97%         4
 Iskenderun's Mystic Bla  Conj/Tloc      0%         2d3       97%         4
 Lee's Rapid Deconstruct  Erth           0%         3d4*      100%        5


Dungeon Overview and Level Annotations

Branches:
Dungeon (2/15)

Altars:

Annotations:
D:2 Robin


Innate Abilities, Weirdness & Mutations

You are partially covered in sharp spines.
You have a small tail.


Message History

The goblin no longer looks unusually strong.
The worm is struck by your spines. The worm bites you.
Robin roars a battlecry!
The goblin goes into a battle-frenzy!
You barely miss Robin. You hit the goblin. You hit the hobgoblin.
You hit the worm. The goblin hits you with a +0 dagger.
The hobgoblin is struck by your spines.
You kill the hobgoblin!
Robin throws the goblin at you! The worm is struck by your spines.
The worm barely misses you.
You have reached level 3!
Your experience leads to an increase in your attributes!
Increase (S)trength, (I)ntelligence, or (D)exterity?
You feel clever. x2; Your demonic ancestry asserts itself...
You grow a small tail.
You hit Robin but do no damage. You completely miss the worm.
You hit the goblin.
You kill the goblin!
Robin hits you with a +0 spear.
You barely miss Robin. You hit the worm. Robin hits you with a +0 spear.
* * * LOW HITPOINT WARNING * * *
The worm is struck by your spines. The worm bites you but does no damage.
You hit Robin but do no damage. You hit the worm. x2
Robin says, "Feeling lonely?"
Robin hits you with a +0 spear.
* * * LOW HITPOINT WARNING * * *
A bat comes into view.
The worm barely misses you. The worm is struck by your spines.
The worm barely misses you.
You barely miss the worm.
The worm is almost dead.
You hit the worm. You hit Robin. Robin is struck by your spines.
Robin hits you with a +0 spear.
* * * LOW HITPOINT WARNING * * *
Robin closely misses you.
You barely miss the worm.
The worm is almost dead.
You barely miss the worm. You barely miss Robin.
The worm is struck by your spines. The worm bites you!
You die...

####.##.#.#..#..##
..#.##............
#)#.####.##.)####.
#.#.##..........
#.)......###.####
#)#)##.#.# .# .#.
#)#g##.#.# ..
.....##)#.##.#.#
...
#...bw@g.......
......w.........
.#.####.#..#.....
# ..#..#..#
#.#.... #.# .#.#
#.. .#.# ... #


You could see 2 worms, Robin and a bat.

Vanquished Creatures
  A dart slug (D:1)
  A bat (D:1)
  3 endoplasms (D:1)
  4 hobgoblins
  A quokka (D:1)
  8 goblins (D:2)
  5 rats (D:1)
23 creatures vanquished.

Vanquished Creatures (collateral kills)
  A ball python (D:1)
  A rat (D:2)
2 creatures vanquished.

Grand Total: 25 creatures vanquished

Notes
Turn   | Place    | Note
-------+----------+-------------------------------------------
     0 | D:1      | CaptainMV the Demonspawn Wanderer began the quest for the
                  | Orb.
     0 | D:1      | CaptainMV set off with the following items: a +0 hand axe,
                  | 9 poisoned darts, a +0 dagger, a scroll of fear, a +0
                  | leather armour; and the following spell memorised: Summon
                  | Small Mammal; and the following spells available to
                  | memorise: Summon Ice Beast, Summon Lightning Spire.
     0 | D:1      | Reached XP level 1. HP: 13/13 MP: 2/2
   218 | D:1      | Gained mutation: You are partially covered in sharp spines.
                  | [demonic ancestry]
   218 | D:1      | Reached XP level 2. HP: 7/19 MP: 3/3
   631 | D:2      | Noticed Robin
   650 | D:2      | Gained mutation: You have a small tail. [demonic ancestry]
   650 | D:2      | Reached XP level 3. HP: 14/24 MP: 2/4
   654 | D:2      | Mangled by a worm

Illustrated notes

Levels and vault maps discovered:
D:1:      roderic_crop_circles_arrival_small, layout_basic
D:2:      wander_river, layout_basic, uniq_robin

Skill      XL: |  1 |
---------------+----+-----
Axes           | 2 |  2.2
Throwing       | |  1.1
Armour         | |  0.4
Dodging        | |  0.2
Stealth        | |  1.8
Spellcasting   | |  1.1
Summonings     | |  3.4
Evocations     | |  1.0

Action                     || total
---------------------------++-------
  Melee: Hand axe          ||    84
         Punch             ||     1
   Cast: Summon Small Mamm ||     7
    Use: Scroll            ||     1
   Stab: Sleeping          ||     1
 Armour: Leather armour    ||     8
  Dodge: Dodged            ||    27
